 Dungeon Crawl Stone Soup version 0.18.1-8-gdd0e5ea (webtiles) character file.

49 mistymad the Ruffian (level 3, -3/31 HPs)
             Began as a Naga Transmuter on May 21, 2016.
             Slain by an adder (5 damage)
             ... on level 1 of the Dungeon.
             The game lasted 00:04:47 (2168 turns).

mistymad the Ruffian (Naga Transmuter)              Turns: 2168, Time: 00:04:47

Health: -3/31      AC:  2    Str: 12    XL:     3   Next: 75%
Magic:  4/6        EV: 10    Int: 14    God:
Gold:   60         SH:  0    Dex: 11    Spells: 2 memorised, 3 levels left

rFire  . . .     SeeInvis +       - Unarmed
rCold  . . .     Gourm    .     b - +0 robe
rNeg   . . .     Faith    .     (no shield)
rPois  +         Spirit   .     (no helmet)
rElec  .         Dismiss  .     (no cloak)
rCorr  .         Reflect  .     (no gloves)
SustAt .         Harm     .     (no barding)
MR     .....                    (no amulet)
Stlth  ++........               (no ring)
                                (no ring)

@: very slow, not resistant to hostile enchantments, unstealthy
A: see invisible, deformed body, poison resistance, slowness 2, slow metabolism
1, spit poison 2, AC +1
a: Spit Poison


You were on level 1 of the Dungeon.
You were not hungry.

You visited 1 branch of the dungeon, and saw 2 of its levels.

You collected 60 gold pieces.

Inventory:

Missiles
 a - 30 arrows
Armour
 b - a +0 robe (worn)
Scrolls
 g - a scroll of amnesia {unknown}
 i - a scroll of magic mapping {unknown}
 m - a scroll of recharging {unknown}
 o - a scroll of remove curse {unknown}
Potions
 e - 2 potions of mutation {unknown}
 f - 3 potions of curing {unknown}
 j - a potion of cure mutation {unknown}
 k - a potion of magic {unknown}
Books
 c - a book of Changes

   Spells                             Type                      Level
   a - Beastly Appendage              Transmutation                1
   b - Sticks to Snakes               Transmutation                2
   c - Spider Form                    Transmutation/Poison         3
   d - Ice Form                       Ice/Transmutation            4
   e - Blade Hands                    Transmutation                5
 p - a book of Air

   Spells                             Type                      Level
   a - Shock                          Conjuration/Air              1
   b - Swiftness                      Charms/Air                   2
   c - Repel Missiles                 Charms/Air                   2
   d - Static Discharge               Conjuration/Air              3
   e - Lightning Bolt                 Conjuration/Air              5
Comestibles
 d - 2 bread rations
 h - a fruit
 l - a meat ration
 n - a chunk of flesh


   Skills:
 + Level 1.4 Fighting
 + Level 1.9 Dodging
 + Level 0.9 Stealth
 + Level 3.5 Unarmed Combat
 + Level 2.3 Spellcasting
 + Level 2.4 Transmutations


You had 3 spell levels left.
You knew the following spells:

 Your Spells              Type           Power        Failure   Level  Hunger
a - Beastly Appendage     Trmt           #.....       10%         1    #......
b - Sticks to Snakes      Trmt           #.......     14%         2    ###....


Dungeon Overview and Level Annotations

Branches:
Dungeon (2/15)

Altars:


Innate Abilities, Weirdness & Mutations

You cannot wear boots.
Your serpentine skin is tough (AC +1).
You have supernaturally acute eyesight.
Armour fits poorly on your strangely shaped body.
Your system is resistant to poisons.
You cover ground very slowly.
You have a slow metabolism.
You can spit poison.


Message History

The adder closely misses you. The giant newt closely misses you.
The adder closely misses you.
There is a stone staircase leading up here.
The adder bites you.
* * * LOW HITPOINT WARNING * * *
The giant newt bites you.
* * * LOW HITPOINT WARNING * * *
You climb upwards.
There is a stone staircase leading down here.
Unknown command.
Casting: Beastly Appendage
Confirm with . or Enter, or press ? or * to list all spells.
You create a snake!
You now have 30 arrows.
The adder closely misses you. The giant newt closely misses you.
The adder bites you but does no damage. The giant newt barely misses you.
The adder barely misses you. The giant newt barely misses you.
Your ball python completely misses the adder. x2
The giant newt closely misses you. The adder bites you.
You die...

#....# #..#...# #....'....#
#.###########.#...########....##
#...........#..#.............()(
############.#..#.###############
.........#..)#..#.#..............
.#######.#.#.#..#.#.#############
.#.....#.#.#......#....#.........
.#.###.#.#.#.##...####.#.########
.#...#'#.#.#.##.@.# #.#.#.......
.###.....#.#.###Sl# #.#.#.######
.###.....#.#.# #S.# #.#.........
........(#...# #.># #.##.#######
##...#'#.#######.## #.))........
.'...'.#.#.......########'#######
##...#.#.#.###...................
.....#.#.#.###...................
.....#.#'#.......................


You could see an adder, a giant newt and a friendly ball python.

Vanquished Creatures
  A gnoll (D:1)
  A dart slug (D:2)
  3 giant geckos
  5 goblins (D:1)
  2 hobgoblins (D:1)
  5 bats
  4 giant newts (D:1)
  7 kobolds (D:1)
  8 rats
36 creatures vanquished.

Notes
Turn   | Place    | Note
--------------------------------------------------------------
     0 | D:1      | mistymad the Naga Transmuter began the quest for the Orb.
     0 | D:1      | Reached XP level 1. HP: 18/18 MP: 3/3
   508 | D:1      | Reached XP level 2. HP: 14/25 MP: 3/5
  1048 | D:1      | Reached XP level 3. HP: 8/31 MP: 6/6
  1389 | D:1      | Learned a level 2 spell: Sticks to Snakes
  2163 | D:2      | HP: 1/31 [giant newt (3)]
  2168 | D:1      | Slain by an adder

Action                   || total
-------------------------++-------
Melee: Unarmed           ||   130
       Headbutt          ||    10
       Punch             ||     1
 Cast: Beastly Appendage ||    24
       Sticks to Snakes  ||     1
  Eat: Chunk             ||     3
Armor: Robe              ||    45
Dodge: Dodged            ||    85
